 Dungeon Crawl Stone Soup version 0.28.0-53-g5a82cb258f (webtiles) character file.

Game seed: 7026894100672449016

10985 Flarelocke the Blocker (level 11, -4/101 HPs)
             Began as a Minotaur Fighter on Aug 17, 2022.
             Was a High Priest of Qazlal.
             Slain by a phantasmal warrior (21 damage)
             ... led by a death knight
             ... on level 11 of the Dungeon.
             The game lasted 00:25:36 (11644 turns).

Flarelocke the Blocker (Minotaur Fighter)          Turns: 11644, Time: 00:25:38

Health: -4/101     AC: 19    Str: 22    XL:     11   Next: 43%
Magic:  11/11      EV: 13    Int:  5    God:    Qazlal [*****.]
Gold:   515        SH:  6    Dex: 13    Spells: 10/10 levels left

rFire   . . .      SeeInvis .   X - +3 scimitar (flame)
rCold   . . .      Faith    .   (no shield)
rNeg    . . .      Spirit   .   J - +0 plate armour
rPois   .          Reflect  .   (helmet restricted)
rElec   .          Harm     .   O - +0 cloak
rCorr   .          Rampage  .   s - +0 pair of gloves
Will    .....                   y - +0 pair of boots
Stlth   ..........              (no amulet)
HPRegen 0.26/turn               h - ring of willpower
MPRegen 0.12/turn               z - +4 ring of evasion

@: weak-willed, repel missiles
A: horns 2, retaliatory headbutt
a: Renounce Religion, Upheaval, Elemental Force, Disaster Area


You were on level 11 of the Dungeon.
You worshipped Qazlal.
Qazlal was extremely pleased with you.
You visited 2 branches of the dungeon, and saw 12 of its levels.
You visited the Abyss 1 time.

You collected 515 gold pieces.

Inventory:

Hand Weapons
 a - a +0 war axe
 B - a +2 battleaxe of venom
 T - a +1 whip of flaming
 X - a +3 scimitar of flaming (weapon)
Missiles
 g - 3 throwing nets
 P - 4 boomerangs (quivered)
Armour
 c - a +0 buckler
 s - a +0 pair of gloves (worn)
 y - a +0 pair of boots (worn)
 J - a +0 plate armour (worn)
 O - a +0 cloak (worn)
 W - a +0 kite shield
Jewellery
 h - a ring of willpower (left hand)
 n - a ring of flight
 u - a ring of willpower
 z - a +4 ring of evasion (right hand)
 G - a ring of ice
 S - a ring of see invisible
Wands
 j - a wand of iceblast (10)
 k - a wand of acid (5)
 o - a wand of flame (36)
 x - a wand of polymorph (11)
 C - a wand of paralysis (8)
 N - a wand of mindburst (15)
Scrolls
 b - 2 scrolls of immolation {unknown}
 f - a scroll of fog {unknown}
 l - 3 scrolls of blinking
 p - a scroll of enchant armour {unknown}
 q - 2 scrolls of vulnerability
 v - 2 scrolls of magic mapping {unknown}
 w - 2 scrolls of amnesia {unknown}
 D - 2 scrolls of teleportation {unknown}
 F - 2 scrolls of fear
 H - a scroll of holy word {unknown}
 I - a scroll of summoning {unknown}
 L - 3 scrolls of identify
 M - a scroll of brand weapon {unknown}
 Q - a scroll of silence {unknown}
 R - a scroll of acquirement {unknown}
Potions
 d - a potion of might
 e - 2 potions of heal wounds
 i - a potion of attraction {unknown}
 m - 3 potions of flight {unknown}
 r - 2 potions of resistance {unknown}
 t - a potion of brilliance {unknown}
 A - a potion of magic {unknown}
 E - 2 potions of degeneration {unknown}
 K - a potion of curing
 U - a potion of haste {unknown}
 V - 2 potions of cancellation {unknown}


   Skills:
 + Level 10.8 Fighting
 + Level 1.8 Long Blades
 + Level 10.4 Axes
 + Level 10.8 Armour
 + Level 6.5 Dodging
 + Level 10.8 Shields
 + Level 2.0 Invocations


You had 10 spell levels left.
You didn't know any spells.
Your spell library contained the following spells:

 Spells                   Type           Power      Damage    Failure   Level
 Animate Skeleton         Necr           0%         N/A       100%        1
 Apportation              Tloc           0%         N/A       100%        1
 Freeze                   Ice            0%         1d3       100%        1
 Slow                     Hex            0%         N/A       100%        1
 Summon Small Mammal      Summ           0%         N/A       100%        1
 Sublimation of Blood     Necr           0%         N/A       100%        2
 Confusing Touch          Hex            0%         N/A       100%        3
 Frozen Ramparts          Ice            0%         1d2       100%        3
 Vampiric Draining        Necr           0%         2d6       100%        3
 Hailstorm                Conj/Ice       0%         3d3       100%        4
 Petrify                  Tmut/Erth      0%         N/A       100%        4
 Freezing Cloud           Conj/Ice/Air   0%         6-21      100%        5
 Irradiate                Conj/Tmut      0%         3d13      100%        5
 Simulacrum               Ice/Necr       0%         N/A       100%        6
 Polar Vortex             Ice            0%         N/A       100%        9


Dungeon Overview and Level Annotations

Branches:
Dungeon (11/15)            Temple (1/1) D:4
   Lair: D:8-11         Orc: D:9-12

Altars:
Ashenzari
Cheibriados
Dithmenos
Elyvilon
Fedhas
Gozag
Hepliaklqana
Kikubaaqudgha
Makhleb
Nemelex Xobeh
Okawaru
Qazlal
Ru
Sif Muna
Trog
Uskayaw
Vehumet
Wu Jian
Xom
Yredelemnul
Zin
The Shining One

Shops:
D:9 [

Annotations:
D:3 2 transporters, 12572944's ghost, weakling DrTm
D:4 2 runed translucent doors, FrogKing's ghost, amateur DjFE


Innate Abilities, Weirdness & Mutations

You have a pair of horns on your head.
You reflexively headbutt those who attack you in melee.


Message History

The phantasmal warrior is engulfed in freezing vapours.
The phantasmal warrior hits you but does no damage.
The wraith hits you but does no damage.
The phantasmal warrior is engulfed in freezing vapours.
You block the phantasmal warrior's attack.
The wraith hits you.
You slash the phantasmal warrior! You burn the phantasmal warrior.
You destroy the phantasmal warrior!
Qazlal accepts your kill. The wraith hits you but does no damage.
The wraith closely misses you.
Your Invocations skill increases to level 2!
The phantasmal warrior gestures at you.
The phantasmal warrior blinks!
The phantasmal warrior hits you.
The death knight mumbles some strange prayers to Yredelemnul against you.
Your body is wracked with pain!
You block the phantasmal warrior's attack.
You feel yourself speed up. The phantasmal warrior gestures at you.
The phantasmal warrior blinks!
The death knight mumbles some strange prayers to Yredelemnul against you.
Your body is wracked with pain!
* * * LOW HITPOINT WARNING * * *
The phantasmal warrior gestures at you.
The phantasmal warrior blinks!
The phantasmal warrior gestures at you.
The phantasmal warrior blinks!
The phantasmal warrior gestures at you.
The phantasmal warrior blinks!
You hit the phantasmal warrior but do no damage.
You headbutt the phantasmal warrior, but do no damage.
The phantasmal warrior hits you!
* * * LOW HITPOINT WARNING * * *
You barely miss the phantasmal warrior.
Your headbutt misses the phantasmal warrior.
The phantasmal warrior is engulfed in blazing flames.
You block the phantasmal warrior's attack.
The phantasmal warrior is engulfed in blazing flames.
The phantasmal warrior hits you!!
You die...

###########
#.........##################
#..........................###
#........W....................
#.........pW§................#
.......##...#.○§.W........###...#
.......##...#.§☼@.°.......# #...#
............#########.....# #...#
............# #.....# #...#
..##......#.## #.....# #...# ..
#......#..## #.....# ##### .
...........##### #.....##.....
..........#...# #............
..........#...# ###.#.##.....
#########.#...# #.#...#.###


You could see a death knight, a phantasmal warrior and 2 wraiths.

Vanquished Creatures
  Fannar (D:10)
  Erica (D:10)
  3 two-headed ogres
  Nergalle (D:10)
  A phantasmal warrior (D:11)
  A kobold demonologist (D:9)
  A wraith (D:11)
  2 wyverns (D:10)
  11 yaks
  Menkaure (D:7)
  A vampire mosquito (D:10)
  3 water moccasins
  A hornet zombie (D:8)
  4 orc warriors
  3 sky beasts
  2 necrophages
  2 ogres
  A centaur (D:7)
  A phantom (D:4)
  6 kobold brigands
  2 bullfrogs
  3 wyvern zombies
  2 scorpions
  2 wyvern skeletons (D:6)
  A water moccasin skeleton (D:4)
  13 wights
  14 killer bees
  An electric eel (D:10)
  2 howler monkeys (D:6)
  A hound (D:4)
  2 jellies
  A centaur zombie (D:8)
  A centaur skeleton (D:5)
  A bullfrog skeleton (D:5)
  3 iguanas
  5 orc wizards
  A howler monkey zombie (D:10)
  6 adders
  7 gnolls
  5 shadow imps
  3 white imps
  2 ufetubi (D:4)
  2 adder skeletons
  A worm (D:2)
  3 dart slugs
  7 orcs
  6 bats
  9 endoplasms
  5 giant cockroaches
  6 goblins
  8 hobgoblins
  2 jackals (D:4)
  35 kobolds
  A quokka (D:1)
  9 ball pythons
  6 frilled lizards
  10 kobold skeletons (D:9)
  8 kobold zombies (D:9)
  A quokka skeleton (D:4)
  7 rats
251 creatures vanquished.

Vanquished Creatures (others)
  A plant (D:11)
1 creature vanquished.

Grand Total: 252 creatures vanquished

Notes
Turn   | Place    | Note
-------+----------+-------------------------------------------
     0 | D:1      | Flarelocke the Minotaur Fighter began the quest for the
                  | Orb.
     0 | D:1      | Reached XP level 1. HP: 19/19 MP: 0/0
    65 | D:1      | Reached XP level 2. HP: 23/27 MP: 1/1
   432 | D:1      | Reached XP level 3. HP: 31/31 MP: 2/2
  1303 | D:2      | Found a stormy altar of Qazlal.
  1309 | D:2      | Became a worshipper of Qazlal Stormbringer
  1763 | D:3      | Found a faded altar of an unknown god.
  1825 | D:3      | Noticed 12572944's ghost (weakling DrTm)
  1826 | D:3      | Found a transporter.
  1827 | D:3      | Noticed a necrophage
  1828 | D:3      | Found a transporter.
  1843 | D:3      | Reached XP level 4. HP: 39/41 MP: 3/3
  2250 | D:3      | Found a bloodstained altar of Trog.
  2423 | D:4      | Cast into level 1 of the Abyss (orc)
  2428 | D:4      | Escaped the Abyss
  2429 | D:4      | Reached * piety under Qazlal
  2567 | D:4      | Reached XP level 5. HP: 45/47 MP: 4/4
  2747 | D:4      | Found a large runed translucent door.
  2747 | D:4      | Found a large runed translucent door.
  2752 | D:4      | Noticed FrogKing's ghost (amateur DjFE)
  2781 | D:4      | Noticed a phantom
  2797 | D:4      | Killed a phantom
  2798 | D:4      | Reached skill level 5 in Fighting
  2798 | D:4      | Reached skill level 5 in Armour
  2798 | D:4      | Reached skill level 5 in Shields
  2939 | D:4      | Reached XP level 6. HP: 53/56 MP: 5/5
  3071 | D:4      | Found a staircase to the Ecumenical Temple.
  3090 | Temple   | Entered the Ecumenical Temple
  3437 | D:5      | Entered Level 5 of the Dungeon
  3959 | D:5      | Found a glowing silver altar of Zin.
  4104 | D:5      | Reached skill level 5 in Axes
  4104 | D:5      | Reached XP level 7. HP: 62/62 MP: 6/6
  4263 | D:6      | Reached ** piety under Qazlal
  4763 | D:6      | Reached XP level 8. HP: 64/71 MP: 7/7
  5866 | D:7      | Noticed Menkaure
  5869 | D:7      | Reached XP level 9. HP: 38/81 MP: 8/8
  5875 | D:7      | HP: 3/81 [Menkaure (12)]
  5876 | D:7      | Killed Menkaure
  6631 | D:8      | Reached skill level 1 in Dodging
  7222 | D:8      | Reached *** piety under Qazlal
  7225 | D:8      | Found a blossoming altar of Fedhas.
  7225 | D:8      | Found an opulent altar of Gozag.
  8023 | D:9      | Reached XP level 10. HP: 37/91 MP: 9/9
  8566 | D:9      | Found Iqin Qil's Antique Armour Shoppe.
  8604 | D:9      | Noticed a two-headed ogre
  8618 | D:9      | Killed a two-headed ogre
  8901 | D:9      | Reached **** piety under Qazlal
  9158 | D:9      | Found an ancient bone altar of Kikubaaqudgha.
  9720 | D:10     | Entered Level 10 of the Dungeon
  9756 | D:10     | Noticed a two-headed ogre
  9764 | D:10     | Killed a two-headed ogre
  9765 | D:10     | Reached skill level 10 in Fighting
  9765 | D:10     | Reached skill level 5 in Dodging
  9765 | D:10     | Reached skill level 10 in Shields
 10041 | D:10     | Noticed a two-headed ogre
 10052 | D:10     | Killed a two-headed ogre
 10053 | D:10     | Reached skill level 10 in Armour
 10152 | D:10     | Noticed Fannar
 10165 | D:10     | Killed Fannar
 10166 | D:10     | Reached XP level 11. HP: 24/101 MP: 10/10
 10492 | D:10     | Noticed Nergalle
 10506 | D:10     | Killed Nergalle
 10506 | D:10     | Reached ***** piety under Qazlal
 10507 | D:10     | Reached skill level 10 in Axes
 10564 | D:10     | Found an ancient bone altar of Kikubaaqudgha.
 10591 | D:10     | Noticed Erica
 10605 | D:10     | Killed Erica
 10606 | D:10     | Reached skill level 1 in Invocations
 10978 | D:10     | Found a sacrificial altar of Ru.
 10981 | D:10     | Found a glowing golden altar of the Shining One.
 10981 | D:10     | Found a sparkling altar of Nemelex Xobeh.
 10984 | D:10     | Found a basalt altar of Yredelemnul.
 11445 | D:11     | Reached skill level 1 in Long Blades
 11624 | D:11     | Noticed a phantasmal warrior
 11629 | D:11     | Noticed a death knight
 11630 | D:11     | Noticed a phantasmal warrior
 11632 | D:11     | Killed a phantasmal warrior
 11644 | D:11     | Slain by a phantasmal warrior

Illustrated notes

Levels and vault maps discovered:
D:1:      lightli_arrival_boilingwater, layout_rooms, minmay_domino_4
D:2:      layout_basic, basic_altar
D:3:      layout_basic, bloody_trog, gammafunk_ghost_mausoleum,
          hellmonk_ecumenical_altar_lost_god, minmay_randomly_rotated_circles
D:4:      layout_cave_pools, minmay_temple_entry_grid,
          ebering_ghost_disaster_area, minmay_fractal_squares_5
D:5:      layout_basic, pf_just_have_faith
D:6:      layout_basic
D:7:      layout_basic, uniq_menkaure
D:8:      wad_crossroads, layout_basic, mainiacjoe_overflow_large_starburst
D:9:      wander_kiku_kobolds, layout_stronghold, serial_shops,
          nicolae_shop_waterfront, serial_column_ruins, column_ruins_hut,
          column_ruins_open_tiny, column_ruins_grid_3, column_ruins_grid_4,
          column_ruins_open_small, column_ruins_columns_dead_end, abandoned_shop
D:10:     layout_basic, kiku_gazebo_pond_becter, grunt_temple_overflow_open,
          corner_web_ring, kennysheep_potato, uniq_nergalle, uniq_erica,
          uniq_fannar
D:11:     layout_basic, dpeg_oklobed_lair
Temple:   nicolae_temple_figure_eight

Skill      XL: |  1  2  3  4  5  6  7  8  9 10 11 |
---------------+----------------------------------+-----
Shields        | 4 5 6 7 9 10 | 10.8
Fighting       | 4 5 6 7 9 10 | 10.8
Armour         | 4 5 6 7 9 10 | 10.8
Axes           | 3 4 5 6 7 8 9 10 | 10.4
Dodging        | 3 5 6 |  6.5
Invocations    | 2 |  2.0
Long Blades    | 1 |  1.8

Action                   |  1- 3 |  4- 6 |  7- 9 | 10-12 || total
-------------------------+-------+-------+-------+-------++-------
Melee: War axe           |    94 |   106 |   181 |       ||   381
       Headbutt          |    17 |    12 |    49 |    43 ||   121
       Battleaxe         |       |       |    57 |   179 ||   236
       Scimitar          |       |       |       |     8 ||     8
  Use: Scroll            |       |       |     5 |       ||     5
       Potion            |       |       |     2 |     2 ||     4
Armor: Scale mail        |    48 |     8 |       |       ||    56
       Chain mail        |       |    56 |    46 |       ||   102
       Plate armour      |       |       |    64 |   103 ||   167
Dodge: Dodged            |    46 |    36 |   133 |   108 ||   323
Block: Buckler           |    30 |    35 |    91 |       ||   156
       Other             |       |       |    10 |    66 ||    76
